 Dungeon Sprint DCSS version 0.19.0-2-gae57169 (webtiles) character file.

740 LORDOFBUTT the Fighter (level 7, -1/73 HPs)
             Began as a Minotaur Berserker on Nov 2, 2016.
             Was a Priest of Trog.
             Slain by a flying skull (13 damage)
             ... in the Dungeon (Sprint II: "The Violet Keep of Menkaure").
             The game lasted 00:01:02 (379 turns).

LORDOFBUTT the Fighter (Minotaur Berserker)          Turns: 379, Time: 00:01:03

Health: -1/73      AC:  2    Str: 23    XL:     7   Next: 46%
Magic:  6/6        EV: 16    Int:  4    God:    Trog [***...]
Gold:   243        SH:  0    Dex: 10    Spells: 0 memorised, 6 levels left

rFire  . . .     SeeInvis .     a - +0 hand axe
rCold  . . .     Gourm    .     b - +0 animal skin
rNeg   . . .     Faith    .     (no shield)
rPois  .         Spirit   .     (helmet restricted)
rElec  .         Reflect  .     (no cloak)
rCorr  .         Harm     .     (no gloves)
MR     .....     NoTele   +     (no boots)
Stlth  +.........               (no amulet)
                                (no ring)
                                (no ring)

@: exhausted, slowed, very slow
A: retaliatory headbutt, horns 2
a: Berserk, Trog's Hand, Burn Spellbooks, Renounce Religion


You were in the Dungeon.
You worshipped Trog.
Trog was most pleased with you.
You were very hungry.

You visited 1 branch You collected 243 gold pieces.

Inventory:

Hand Weapons
 a - a +0 hand axe (weapon)
Armour
 b - a +0 animal skin (worn)
Scrolls
 i - a scroll of blinking
Potions
 d - a potion of curing
 f - a potion of haste
 g - 2 potions of magic
 h - a potion of berserk rage
Comestibles
 c - a bread ration


   Skills:
 + Level 10.4 Fighting
 + Level 10.4 Axes
 + Level 10.1 Armour
 + Level 9.4 Dodging


You had 6 spell levels left.
You didn't know any spells.

Dungeon Overview and Level Annotations

Branches:
Dungeon (1/1)

Altars:


Innate Abilities, Weirdness & Mutations

You reflexively headbutt those who attack you in melee.
You have a pair of horns on your head.


Message History

You start eating the bread ration.
The flying skull hits you but does no damage.
Keep eating? [Y]es or [N]o only, please.
Keep eating?
The flying skull hits you! x2
* * * LOW HITPOINT WARNING * * *
The flying skull hits you.
* * * LOW HITPOINT WARNING * * *
The flying skull hits you.
* * * LOW HITPOINT WARNING * * *
The flying skull closely misses you. You furiously retaliate!
You headbutt the flying skull, but do no damage.
The flying skull closely misses you.
You continue eating.
The flying skull misses you. The flying skull closely misses you. x2
You furiously retaliate!
You headbutt the flying skull, but do no damage.
The flying skull closely misses you. The flying skull hits you!
You die...

# #†#####
##. #'# #.#
#.w.##.##.#
#+.<.'#
#.w$##z##.#
##.
##÷###.# #
##.#÷####
#.z#z.#
##z@z##
##+##


You could see 4 flying skulls.

Vanquished Creatures
  2 hippogriffs (D)
  4 necrophages (D)
  3 worker ants (D)
9 creatures vanquished.

Vanquished Creatures (others)
  2 crocodiles (D)
  A worker ant (D)
3 creatures vanquished.

Grand Total: 12 creatures vanquished

Notes
Turn   | Place    | Note
-------+----------+-------------------------------------------
     0 | D        | LORDOFBUTT the Minotaur Berserker began the quest for the Orb.
     0 | D        | Reached XP level 1. HP: 19/19 MP: 0/0
     1 | D        | Noticed a tyrant leech
     1 | D        | Noticed a tyrant leech
     5 | D        | Noticed a necrophage
     5 | D        | Noticed a necrophage
     5 | D        | Noticed a necrophage
     5 | D        | Noticed a necrophage
    10 | D        | Killed a necrophage
    10 | D        | Reached skill level 5 in Armour
    10 | D        | Reached skill level 5 in Dodging
    10 | D        | Reached XP level 2. HP: 30/30 MP: 1/1
    10 | D        | Reached XP level 3. HP: 37/37 MP: 2/2
    10 | D        | Reached XP level 4. HP: 44/44 MP: 3/3
    12 | D        | Killed a necrophage
    12 | D        | Reached XP level 5. HP: 52/52 MP: 4/4
    16 | D        | Killed a necrophage
    16 | D        | Reached ** piety under Trog
    19 | D        | Killed a necrophage
    19 | D        | Reached XP level 6. HP: 61/61 MP: 5/5
    44 | D        | Noticed a hippogriff
    44 | D        | Noticed a hippogriff
    53 | D        | Killed a hippogriff
    57 | D        | Killed a hippogriff
    57 | D        | Reached *** piety under Trog
    57 | D        | Reached skill level 10 in Fighting
    57 | D        | Reached skill level 10 in Axes
    57 | D        | Reached XP level 7. HP: 10/71 MP: 6/6
   357 | D        | Reached skill level 10 in Armour
   362 | D        | Noticed a flying skull
   362 | D        | Noticed a flying skull
   362 | D        | Noticed a flying skull
   362 | D        | Noticed a flying skull
   363 | D        | Noticed a flying skull
   379 | D        | Slain by a flying skull

Skill      XL: |  1  2  3  4  5  6  7 |
---------------+----------------------+-----
Fighting       | 6 7 8 10 | 10.4
Axes           | 6 7 8 10 | 10.4
Armour         | 5 6 8 9 10 | 10.1
Dodging        | 5 6 7 9 |  9.4

Action                   |  1- 3 |  4- 6 |  7- 9 || total
-------------------------+-------+-------+-------++-------
Melee: Hand axe          |     3 |    18 |     9 ||    30
       Headbutt          |     1 |     3 |       ||     4
Invok: Berserk           |     1 |     1 |     1 ||     3
  Use: Potion            |       |       |     1 ||     1
Armor: Animal skin       |       |     2 |     2 ||     4
Dodge: Dodged            |     2 |    15 |    17 ||    34
